Map: [ESL] Alcyone

Players

SHIN - Winner!

  • Race: Zerg Zerg
  • Spawn Location: 1:00

Gerald

  • Race: Protoss Protoss
  • Spawn Location: 7:00

Event: ESL SC2 Masters 2023 Winter (Finals)

VOD

Have the link to the VOD?

Description

Time

  • Played on: Dec. 15, 2023, 10:13 a.m.
  • Length: 7:48

All games in this series

Show
View Real Time Build Order
Export as new Build Order

SHIN Zerg - Winner!

Build Orders: 3 Hatch before Pool 

Get SALT Encoding   

  12  0:00  Drone  
  13  0:08  Drone  
  14  0:16  Overlord  
  14  0:35  Drone x3  
  17  0:54  Hatchery  
  17  0:56  Drone  
  17  0:59  Drone  
  18  1:18  Hatchery  
  18  1:23  Drone  
  18  1:24  Extractor  
  17  1:36  Spawning Pool  
  17  1:39  Drone  
  17  1:44  Drone  
  17  1:47  Drone  
  19  1:53  Drone  
  21  2:02  Overlord  
  21  2:19  Drone  
  22  2:23  Queen  
  22  2:24  Drone  
  22  2:26  Metabolic Boost  
  25  2:30  Queen  
  25  2:31  Zergling x2  
  25  2:34  Zergling x2  
  29  2:43  Hatchery  
  28  2:45  Drone  
  28  2:47  Drone  
  29  2:54  Overlord  
  29  2:55  Drone  
  30  3:01  Queen  
  30  3:05  Zergling x2  
  33  3:08  Zergling x2  
  34  3:17  Drone x2, Queen  
  38  3:26  Drone  
  39  3:27  Drone  
  39  3:32  Drone x2, Overlord  
  42  3:35  Drone  
  42  3:41  Drone  
  44  3:50  Drone, Queen  
  44  3:51  Drone  
  44  3:53  Queen  
  44  3:55  Drone  
  51  3:57  Drone  
  52  4:03  Drone  
  52  4:05  Drone  
  52  4:06  Spore Crawler  
  52  4:08  Drone  
  54  4:10  Drone x2  
  54  4:11  Drone  
  54  4:14  Drone  
  54  4:16  Drone, Spore Crawler  
  58  4:18  Overlord  
  58  4:26  Roach Warren  
  58  4:27  Drone  
  58  4:28  Overlord  
  58  4:30  Overlord  
  58  4:36  Spore Crawler, Overlord  
  58  4:37  Drone  
  58  4:44  Extractor, Drone x3  
  58  4:45  Zergling x4  
  62  4:51  Zergling x8  
  66  4:56  Zergling x6  
  66  4:58  Lair  
  69  5:04  Zergling x8  
  73  5:10  Zergling x8  
  77  5:14  Drone x2  
  77  5:15  Drone x2  
  81  5:23  Drone x2  
  81  5:25  Overlord  
  81  5:26  Drone x3  
  86  5:29  Drone x2  
  86  5:30  Evolution Chamber  
  86  5:31  Drone  
  86  5:33  Drone  
  89  5:38  Overlord  
  89  5:39  Drone  
  90  5:45  Drone  
  90  5:46  Drone  
  90  5:48  Drone  
  93  5:50  Extractor x2  
  93  5:51  Extractor x2  
  93  5:55  Drone x3  
  93  5:56  Glial Reconstitution  
  92  5:57  Spire  
  92  5:59  Drone x4  
  92  6:01  Overlord  
  92  6:02  Overlord  
  95  6:07  Overseer  
  95  6:09  Drone x5  
  97  6:18  Roach  
  99  6:22  Roach x2  
  99  6:25  Hatchery  
  102  6:27  Overlord  
  102  6:28  Roach x2  
  102  6:31  Roach  
  102  6:32  Overlord  
  108  6:34  Roach  
  108  6:37  Roach x2  
  114  6:40  Overseer, Roach  
  114  6:43  Roach  
  114  6:44  Roach x2  
  121  6:48  Roach x2  
  121  6:50  Roach  
  121  6:52  Roach  
  127  6:57  Ravager x2  
  127  6:58  Ravager x2  
  127  7:00  Overlord  
  127  7:01  Roach x2, Overlord  
  131  7:04  Overlord  
  131  7:05  Roach  
  131  7:07  Overlord  
  137  7:10  Overlord  
  137  7:11  Overlord  
  137  7:19  Ravager x3  
  137  7:20  Zergling x10, Roach  
  147  7:26  Zergling x6  
  147  7:28  Ravager x2  
Show
View Real Time Build Order
Export as new Build Order

Gerald Protoss 

Build Orders: Zealot Archon, Dark Templar Rush 

Get SALT Encoding   

  12  0:00  Probe  
  13  0:12  Probe  
  14  0:20  Pylon  
  14  0:24  Probe  
  15  0:38  Probe (Chrono Boost)  
  15  0:39  Gateway  
  16  0:46  Probe (Chrono Boost)  
  17  0:52  Assimilator  
  17  0:53  Probe  
  18  1:05  Probe  
  19  1:17  Probe  
  20  1:25  Zealot (Chrono Boost)  
  20  1:30  Probe  
  20  1:31  Cybernetics Core  
  23  1:39  Pylon  
  23  1:57  Probe  
  24  2:11  Nexus  
  24  2:18  Assimilator, Adept (Chrono Boost)  
  26  2:24  Probe  
  27  2:38  Pylon, Probe  
  28  2:46  Warp Gate  
  30  2:51  Probe  
  31  2:59  Twilight Council  
  31  3:03  Stalker  
  31  3:05  Probe  
  32  3:17  Robotics Facility, Probe  
  33  3:23  Probe (Chrono Boost)  
  34  3:29  Probe (Chrono Boost)  
  35  3:36  Probe (Chrono Boost)  
  35  3:40  Probe (Chrono Boost)  
  37  3:42  Probe (Chrono Boost)  
  37  3:45  Probe (Chrono Boost)  
  39  3:49  Probe  
  41  3:55  Probe  
  41  3:56  Dark Shrine  
  41  3:59  Gateway  
  41  4:01  Shield Battery, Probe  
  40  4:08  Warp Prism (Chrono Boost)  
  42  4:12  Probe  
  42  4:14  Probe  
  42  4:16  Assimilator  
  42  4:18  Assimilator  
  42  4:24  Gateway  
  42  4:27  Probe  
  42  4:29  Probe  
  44  4:33  Pylon  
  44  4:39  Probe  
  44  4:41  Probe  
  46  4:51  Probe  
  47  4:56  Probe  
  47  4:57  Immortal (Chrono Boost)  
  52  5:07  Nexus  
  52  5:13  Probe  
  52  5:14  Probe  
  54  5:16  Gateway, Charge (Chrono Boost)  
  54  5:17  Dark Templar x2, Gateway  
  57  5:30  Pylon  
  57  5:33  Immortal (Chrono Boost)  
  61  5:35  Gateway  
  60  5:50  Pylon  
  60  5:51  Probe  
  60  5:53  Dark Templar x3  
  60  5:56  Pylon  
  67  6:05  Immortal (Chrono Boost)  
  72  6:17  Gateway x2  
  71  6:20  Gateway  
  71  6:30  Dark Templar  
  71  6:31  Zealot x3  
  77  6:38  Pylon  
  77  6:40  Archon  
  77  6:44  Archon  
  77  6:46  Pylon  
  77  6:53  Pylon  
  77  6:57  Archon  
  77  7:00  Gateway  
  77  7:03  Zealot  
  77  7:04  Zealot  
  77  7:05  Pylon  
  81  7:09  Pylon  
  81  7:11  Pylon  
  81  7:16  Dark Templar x3  
  81  7:21  Zealot x2  
  91  7:25  Zealot  
  91  7:31  Zealot x2  
  88  7:39  Archon  
  88  7:43  Zealot x2  
Tags
 
Add a new tag
Caveats
  • Supply blocks, unpowered buildings, or Contaminate may cause inaccurate times.
  • Supply counts are checked every 10 seconds.